 Dungeon Crawl Stone Soup version 0.31-a0-925-g0a390f2509 (webtiles) character file.

Game seed: 9171155393097240931

1670 Fodor the Covered (level 8, -5/51 (70) HPs)
             Began as a Minotaur Fighter on Oct 19, 2023.
             Was an Initiate of Gozag.
             Slain by Jeremiah
             ... wielding a +3 trident of draining
              (10 damage)
             ... on level 6 of the Dungeon.
             The game lasted 00:35:02 (4908 turns).

Fodor the Covered (Minotaur Fighter)                Turns: 4908, Time: 00:35:02

HP:   -5/51 (70)    AC: 12    Str: 23    XL:     8   Next: 69%
MP:   7/7           EV:  9    Int:  5    God:    Gozag
Gold: 120           SH:  5    Dex: 10    Spells: 7/7 levels left

rFire   + . .        A - +1 falchion (heavy)
rCold   . . .        c - +0 buckler
rNeg    . . .        u - +0 chain mail
rPois   .            (helmet restricted)
rElec   .            (no cloak)
rCorr   .            (no gloves)
SInv    .            s - +1 pair of boots
Will    .....        (no amulet) Stlth
                     i - ring of protection from fire
HPRegen 0.28/turn    (no ring)
MPRegen 0.10/turn

%: no passive effects
@: mighty, very heavily drained
A: horns 2, retaliatory headbutt
a: Renounce Religion, Potion Petition, Call Merchant, Bribe Branch


You were on level 6 of the Dungeon.
You worshipped Gozag.
Gozag was aware of your devotion.
You visited 2 branches of the dungeon, and saw 7 of its levels.

You collected 247 gold pieces.
You paid 127 gold pieces to Gozag.

Inventory:

Hand Weapons
 b - the +1 mace "Joits" {pain, Int+4}
   (You found it on level 4 of the Dungeon)

   Int+4:     It affects your intelligence (+4).
 m - the +6 rapier of the Depths {flame, Will+ Dex+4 SInv}
   (You found it on level 2 of the Dungeon)

   Dex+4:     It affects your dexterity (+4).
   Will+:     It increases your willpower.
   SInv:      It lets you see invisible.
 w - a +0 shortbow
 A - a +1 heavy falchion (weapon)
Missiles
 q - 8 poisoned darts (quivered)
Armour
 c - a +0 buckler (worn)
 s - a +1 pair of boots (worn)
 u - a +0 chain mail (worn)
Jewellery
 i - a ring of protection from fire (left hand)
 z - a ring of fire
Wands
 g - a wand of digging (1)
Scrolls
 e - a scroll of vulnerability
 k - a scroll of immolation
 n - 2 scrolls of torment
 r - a scroll of enchant weapon
 t - a scroll of blinking {unknown}
 x - a scroll of silence {unknown}
 y - 2 scrolls of identify
 B - a scroll of fear {unknown}
Potions
 a - a potion of attraction {unknown}
 h - a potion of haste {unknown}
 j - 2 potions of curing
 l - a potion of degeneration {unknown}
 o - a potion of lignification {unknown}
 p - a potion of berserk rage {unknown}
 v - 3 potions of invisibility {unknown}


   Skills:
 + Level 6.2 Fighting
 + Level 6.2(6.6) Short Blades
 + Level 3.7(5.7) Long Blades
 + Level 0.4 Throwing
 + Level 7.1 Armour
 + Level 2.5 Dodging
 + Level 2.0 Stealth
 + Level 6.9 Shields


You had 7 spell levels left.
You didn't know any spells.
Your spell library contained the following spells:

 Spells                   Type           Power      Damage    Failure   Level
 Animate Armour           Summ/Erth      0%         N/A       100%        4
 Summon Lightning Spire   Summ/Air       0%         N/A       100%        4
 Lee's Rapid Deconstruct  Erth           0%         3d4*      100%        5


Dungeon Overview and Level Annotations

Branches:
Dungeon (6/15)             Temple (1/1) D:6

Altars:
Ashenzari
Cheibriados
Dithmenos
Gozag
Hepliaklqana
Kikubaaqudgha
Nemelex Xobeh
Qazlal
Uskayaw
Vehumet
Xom
Yredelemnul
Zin
The Shining One

Annotations:
D:6 Jeremiah


Innate Abilities, Weirdness & Mutations

You have a pair of horns on your head.
You reflexively headbutt those who attack you in melee.


Message History

You feel much better.
The butterfly disappears in a burst of colours!
Jeremiah barely misses you.
You hit Jeremiah. Your headbutt misses Jeremiah.
Jeremiah is severely wounded.
Jeremiah misses you. You furiously retaliate!
You headbutt Jeremiah. You slash Jeremiah!
Jeremiah is almost dead.
The butterfly disappears in a burst of colours! x2
Jeremiah hits you with a +3 trident of draining.
You feel drained.
Jeremiah throws their arms up pleadingly.
Something smites you!
* * * LOW HITPOINT WARNING * * *
It was a potion of curing.
You feel better.
The butterfly disappears in a burst of colours! x6
Jeremiah says, "I don't want to hurt you.
Just - go!
Run!"
Jeremiah lets out a twisted cry.
Something smites you!
* * * LOW HITPOINT WARNING * * *
Unknown command.
You feel very mighty all of a sudden.
Jeremiah hops!
The butterfly disappears in a burst of colours!
You slash the butterfly!
You kill the butterfly!
The butterfly disappears in a burst of colours! x2
Jeremiah throws their arms up pleadingly.
Something smites you!
* * * LOW HITPOINT WARNING * * *
You miss the butterfly. Your headbutt misses the butterfly.
The butterfly disappears in a burst of colours!
Jeremiah hops!
Jeremiah barely misses you.
You hit Jeremiah but do no damage.
Jeremiah is almost dead.
Jeremiah hits you with a +3 trident of draining!
You die...
Jeremiah asks, "What happened?
Did... did you die?"
Your body crumbles into a pile of gold.

#. #.#######
#...b...# ####
#bb####.# #...
##.#.####[########.##
#.###b..#.##.....#.#
##.#.#.b..##.....#.#
#..#bbbb......)..#
##@bbbP.P#...>.###
#F####.##.....#
#bbP#...#P.####
##..b.b....#
##P#...#P.#
####.###(# #P.P...#
##...### #####


You could see Jeremiah.

Vanquished Creatures
  The ghost of MrSquiggles the Charlatan, a novice KoAr of Uskayaw (D:4)
  2 steam dragons (D:5)
  A water moccasin (D:6)
  A black bear (D:5)
  An ogre (D:6)
  2 centaurs
  A phantom (D:5)
  A bullfrog (D:6)
  4 hounds
  3 orc priests
  A sleepcap (D:4)
  4 iguanas (D:5)
  3 orc wizards
  6 adders
  A shadow imp (D:6)
  4 ufetubi (D:5)
  2 adder zombies (D:3)
  An adder skeleton (D:3)
  2 worms
  13 orcs
  10 ball pythons
  4 bats
  8 endoplasms
  A giant cockroach (D:4)
  11 goblins
  6 hobgoblins
  6 jackals (D:1)
  A kobold (D:4)
  2 quokkas
  A frilled lizard (D:3)
  2 quokka zombies (D:3)
  8 rats
114 creatures vanquished.

Vanquished Creatures (others)
  A bat (D:3)
1 creature vanquished.

Grand Total: 115 creatures vanquished

Notes
Turn   | Place    | Note
-------+----------+-------------------------------------------
     0 | D:1      | Fodor the Minotaur Fighter began the quest for the Orb.
     0 | D:1      | Reached XP level 1. HP: 19/19 MP: 0/0
   225 | D:1      | Reached XP level 2. HP: 18/27 MP: 1/1
   414 | D:1      | Reached skill level 4 in Armour
   559 | D:1      | Reached XP level 3. HP: 30/33 MP: 2/2
  1230 | D:2      | Identified the +6 rapier of the Depths {flame, Will+ Dex+4
                  | SInv}
  1259 | D:2      | Reached XP level 4. HP: 38/40 MP: 3/3
  2479 | D:4      | Noticed MrSquiggles's ghost (novice KoAr)
  2479 | D:4      | Found a runed translucent door.
  2499 | D:4      | Reached skill level 1 in Stealth
  2499 | D:4      | Reached XP level 5. HP: 34/46 MP: 4/4
  2500 | D:4      | Reached skill level 1 in Short Blades
  2686 | D:4      | Identified the +1 mace "Joits" {pain, Int+4}
  2765 | D:4      | Reached skill level 1 in Dodging
  2770 | D:4      | Reached skill level 5 in Armour
  2770 | D:4      | Reached XP level 6. HP: 32/53 MP: 5/5
  2943 | D:4      | Killed MrSquiggles's ghost
  2944 | D:4      | Reached skill level 5 in Shields
  2944 | D:4      | Reached XP level 7. HP: 48/60 MP: 6/6
  3320 | D:4      | Found a glowing silver altar of Zin.
  3470 | D:5      | Entered Level 5 of the Dungeon
  3546 | D:5      | Found a radiant altar of Vehumet.
  3680 | D:5      | Reached skill level 5 in Fighting
  3687 | D:5      | Reached skill level 5 in Short Blades
  3908 | D:5      | Noticed a steam dragon
  3908 | D:5      | Noticed a steam dragon
  3918 | D:5      | Killed a steam dragon
  3922 | D:5      | Killed a steam dragon
  3923 | D:5      | Reached skill level 6 in Armour
  3923 | D:5      | Reached XP level 8. HP: 56/69 MP: 7/7
  4528 | D:6      | Reached skill level 7 in Armour
  4683 | D:6      | Found a hide-covered altar of Uskayaw.
  4792 | D:6      | Found a staircase to the Ecumenical Temple.
  4795 | D:6      | Noticed Jeremiah
  4833 | Temple   | Entered the Ecumenical Temple
  4855 | Temple   | Became a worshipper of Gozag Ym Sagoz the Greedy
  4908 | D:6      | Slain by Jeremiah

Illustrated notes

Levels and vault maps discovered:
D:1:      dpeg_arrival_tiny_g, layout_loops_corners
D:2:      layout_basic
D:3:      layout_rooms, serial_undead, serial_undead_e, serial_undead_f,
          serial_undead_c, serial_undead_b, serial_undead_e, serial_undead_e,
          wander_ebering_terrifying_dragon_lair
D:4:      layout_loops_ring, mainiacjoe_overflow_alcove_1,
          hellmonk_ghost_happy_afterlife, minmay_misc_feat_ornament
D:5:      kennysheep_steamy, layout_gridville, nicolae_overflow_crystal_walls
D:6:      hangedman_cross_stitches, layout_loops_cross,
          nicolae_uskayaw_en_pointe, nzn_wu_jian_council_hall,
          minmay_temple_entry_gardened_gates, ebering_ghost_inner_flame,
          uniq_jeremiah, uniq_prince_ribbit1
Temple:   hellmonk_temple_of_storms

Skill      XL: |  1  2  3  4  5  6  7  8 |
---------------+-------------------------+-----
Armour         | 4 5 6 7 |  7.1
Shields        | 4 5 6 |  6.9
Fighting       | 4 5 6 |  6.2
Long Blades    | 3 |  3.7
Stealth        | 1 2 |  2.0
Short Blades   | 2 3 5 6 |  6.2
Dodging        | 1 2 |  2.5
Throwing       | |  0.4

Action                     |  1- 3 |  4- 6 |  7- 9 || total
---------------------------+-------+-------+-------++-------
  Melee: Long sword        |    80 |       |       ||    80
         Headbutt          |    10 |    13 |    18 ||    41
         Rapier            |     2 |   104 |    97 ||   203
         Falchion          |       |       |    24 ||    24
  Throw: Dart              |       |       |     4 ||     4
    Use: Scroll            |       |     1 |     5 ||     6
         Potion            |       |       |     5 ||     5
 Armour: Scale mail        |    55 |    58 |       ||   113
         Chain mail        |       |    27 |   159 ||   186
  Dodge: Dodged            |    45 |    44 |    71 ||   160
  Block: Buckler           |    24 |    30 |    53 ||   107

Table legend: (Time is in decaauts)
 A = Elapsed time spent in this place.
 B = Non-inter-level travel time spent in this place.
 C = Inter-level travel time spent in this place.
 D = Time resting spent in this place.
 E = Time spent auto-exploring this place.
 F = Levels seen in this place.
 G = Mean time per level.
                   A        B        C        D        E       F      G
               +--------+--------+--------+--------+--------+-----+--------+
         Total |   4948 |   4778 |    170 |    745 |      0 |   7 |  706.9 |
       Dungeon |   4903 |   4733 |    170 |    745 |      0 |   6 |  817.2 |
        Temple |     44 |     44 |      0 |      0 |      0 |   1 |   44.0 |
               +--------+--------+--------+--------+--------+-----+--------+

Top non-repeatable levels by time:
     D:5: 1032 daAuts
     D:1: 1003 daAuts
     D:4: 996 daAuts
     D:3: 837 daAuts
     D:2: 666 daAuts
     D:6: 366 daAuts
  Temple: 44 daAuts
